 Dungeon Crawl Stone Soup version 0.29.0-13-gc9e81de378 (webtiles) character file.

Game seed: 5672003387366183263

12282 raph the Dealer of Despair (level 11, -3/62 HPs)
             Began as a Deep Elf Fire Elementalist on Sept 7, 2022.
             Was an Elder of Kikubaaqudgha.
             Killed from afar by an acid dragon (29 damage)
             ... with a splash of acid
             ... on level 13 of the Dungeon.
             The game lasted 00:25:29 (19784 turns).

raph the Dealer of Despair (DEFE)                  Turns: 19784, Time: 00:25:29

Health: -3/62      AC:  9    Str:  5    XL:     11   Next: 60%
Magic:  22/24      EV: 13    Int: 31    God:    Kikubaaqudgha [****..]
Gold:   599        SH:  4    Dex: 15    Spells: 0/25 levels left

rFire   + . .      SeeInvis .   b - staff of conjuration
rCold   . . .      Faith    .   r - +0 buckler
rNeg    . . .      Spirit   .   D - +0 leather armour {rF+}
rPois   .          Reflect  .   (no helmet)
rElec   .          Harm     .   v - +1 cloak
rCorr   .          Rampage  .   m - +1 pair of gloves
Will    +....                   f - +1 pair of boots
Stlth   +++.......              p - amulet of magic regeneration
HPRegen 0.20/turn               k - +6 ring of intelligence
MPRegen 0.59/turn               L - +4 ring of protection

@: corroded
A: no striking features
a: Renounce Religion, Unearth Wretches


You were on level 13 of the Dungeon.
You worshipped Kikubaaqudgha.
Kikubaaqudgha was greatly pleased with you.
You visited 2 branches of the dungeon, and saw 14 of its levels.
You also visited: Sewer.

You collected 746 gold pieces.
You spent 147 gold pieces at shops.

Inventory:

Hand Weapons
 a - the +4 war axe "Liejiej" {vorpal, rN+ Will+ rCorr Dex-3}
   (You took it off an orc on level 4 of the Dungeon)

   It inflicts extra damage upon your enemies.
   Dex:       It affects your dexterity (-3).
   rN:        It protects you from negative energy.
   rCorr:     It protects you from acid and corrosion.
   Will:      It increases your willpower.
 j - a +0 dagger
 n - a +2 short sword of flaming
 x - a +6 scimitar of freezing
 B - a +5 short sword
Armour
 f - a +1 pair of boots (worn)
 m - a +1 pair of gloves (worn)
 r - a +0 buckler (worn)
 s - a +0 robe
 v - a +1 cloak (worn)
 D - a +0 leather armour of fire resistance (worn)
Magical Staves
 b - a staff of conjuration (weapon)
Jewellery
 e - a ring of flight
 k - a +6 ring of intelligence (left hand)
 l - a ring of protection from cold
 p - an amulet of magic regeneration (around neck)
 C - an amulet of guardian spirit
 L - a +4 ring of protection (right hand)
 P - a ring of fire
 S - a +4 ring of protection
Wands
 t - a wand of acid (17)
 A - a wand of charming (9)
 F - a wand of mindburst (12)
 J - a wand of iceblast (13)
 N - a wand of polymorph (8)
 Q - a wand of digging (4)
Scrolls
 u - 2 scrolls of identify
 y - 4 scrolls of teleportation
 E - a scroll of silence
 M - a scroll of blinking
Potions
 c - 3 potions of attraction
 d - 3 potions of ambrosia
 g - 5 potions of heal wounds
 h - a potion of berserk rage
 i - 5 potions of curing
 o - 3 potions of brilliance
 q - 2 potions of invisibility
 w - a potion of magic
 z - 3 potions of might
 H - 2 potions of lignification
 K - a potion of haste
 O - a potion of resistance
Miscellaneous
 I - a phial of floods


   Skills:
 - Level 4.3 Fighting
 - Level 7.1 Dodging
 - Level 7.6 Stealth
 - Level 1.8 Shields
 - Level 7.8 Spellcasting
 - Level 8.7 Conjurations
 + Level 9.8 Necromancy
 - Level 9.3 Fire Magic
 + Level 5.9 Earth Magic


You couldn't memorise any spells.
You knew the following spells:

 Your Spells              Type           Power      Damage    Failure   Level
a - Foxfire               Conj/Fire      100%       2x1d9     1%          1
b - Scorch                Fire           100%       2d10      1%          2
c - Conjure Flame         Conj/Fire      80%        6-21      1%          3
d - Inner Flame           Hex/Fire       41%        N/A       4%          3
e - Blink                 Tloc           24%        N/A       14%         2
f - Flame Wave            Conj/Fire      80%        2d17      2%          4
g - Vampiric Draining     Necr           64%        2d10      1%          3
h - Sublimation of Blood  Necr           64%        N/A       1%          2
i - Borgnjor's Vile Clut  Necr/Erth      28%        N/A       10%         5

Your spell library contained the following spells:

 Spells                   Type           Power      Damage    Failure   Level
 Necrotise                Necr           100%       1d9       1%          1
 Shock                    Conj/Air       100%       1d9       1%          1
 Animate Dead             Necr           64%        N/A       1%          4
 Dispel Undead            Necr           64%        3d22      1%          4
 Agony                    Necr           64%        N/A       4%          5
 Apportation              Tloc           24%        N/A       9%          1
 Beastly Appendage        Tmut           24%        N/A       9%          1
 Summon Small Mammal      Summ           48%        N/A       9%          1
 Poisonous Vapours        Pois/Air       24%        N/A       14%         2
 Wereblood                Tmut           12%        N/A       14%         2
 Corpse Rot               Necr/Pois/Air  32%        N/A       24%         4
 Death Channel            Necr           32%        N/A       24%         6
 Call Canine Familiar     Summ           12%        N/A       26%         3
 Portal Projectile        Hex/Tloc       24%        N/A       26%         3
 Spider Form              Tmut/Pois      12%        N/A       26%         3
 Swiftness                Air            12%        N/A       26%         3
 Leda's Liquefaction      Hex/Erth       15%        N/A       26%         4
 Airstrike                Air            6%         2d(1-17)  65%         4
 Manifold Assault         Tloc           12%        N/A       94%         5
 Storm Form               Tmut/Air       6%         N/A       100%        7


Dungeon Overview and Level Annotations

Branches:
Dungeon (14/15)            Temple (1/1) D:4             Orc (0/2) D:9
  Sewer (visited)
   Lair: D:8-11      Vaults: D:13-14

Altars:
Ashenzari
Cheibriados
Dithmenos
Elyvilon
Fedhas
Gozag
Hepliaklqana
Kikubaaqudgha
Makhleb
Nemelex Xobeh
Okawaru
Qazlal
Ru
Sif Muna
Trog
Uskayaw
Vehumet
Wu Jian
Xom
Yredelemnul
Zin
The Shining One

Shops:
D:4 *   D:11 ?

Annotations:
D:6 3 runed translucent doors, Flugkiller's ghost, novice MiFi
D:8 6 transporters, Gekot's ghost, novice DEFE


Message History

You start resting.
HP restored.
Okay, then.
You see here a +0 pair of gloves.
You now have 599 gold pieces (gained 17).
A centaur warrior and an acid dragon come into view.
The centaur warrior wields a +0 shortbow.
The centaur warrior shoots an arrow.
The arrow hits you but does no damage.
Casting: Flame Wave (dangerous; 2% risk of failure)
Confirm with . or Enter, or press ? or * to list all spells.
Aiming: Borgnjor's Vile Clutch (quite dangerous; 10% risk of failure)
Press: ? - help, Shift-Dir - straight line, f - centaur warrior
Aim: a centaur warrior, wielding a +0 shortbow (100% to hit)
Out of range.
Okay, then.
The centaur warrior shoots an arrow.
The arrow hits you!
The centaur warrior shoots an arrow.
The arrow misses you.
Casting: Borgnjor's Vile Clutch (quite dangerous; 10% risk of failure)
Confirm with . or Enter, or press ? or * to list all spells.
Aiming: Borgnjor's Vile Clutch (quite dangerous; 10% risk of failure)
Press: ? - help, Shift-Dir - straight line, f - centaur warrior
Aim: a centaur warrior, wielding a +0 shortbow (100% to hit)
Zombie hands grab the centaur warrior.
The zombie hands constrict the centaur warrior!
The centaur warrior shoots an arrow.
The arrow hits you! The acid dragon spits acid at you.
The splash of acid hits you. The acid corrodes you!
The zombie hands constrict the centaur warrior!
The centaur warrior shoots an arrow.
The arrow hits you!!
* * * LOW HITPOINT WARNING * * *
The centaur warrior struggles to escape constriction.
You feel much better.
The zombie hands constrict the centaur warrior.
The centaur warrior shoots an arrow.
The arrow closely misses you.
The zombie hands lose their grip on something.
The centaur warrior shoots an arrow.
The arrow hits you! The acid dragon spits acid at you.
The splash of acid hits you!!
You die...
Kikubaaqudgha rasps: "You have failed me!
Welcome... death!"

#.######
#......##
######..#
##.# #.##
#..# ##.##
#..#####
##.@...##
##.....#
##.#..#
#..D.......#
####...$....
#.###c#..
#.. ... #.##
.. #.# .


You could see a centaur warrior and an acid dragon (catching breath).

Vanquished Creatures
  A centaur warrior (D:13)
  Sonja (D:10)
  Pikel (D:6)
  An ugly thing (D:7)
  Psyche (D:9)
  4 kobold demonologists
  3 trolls
  A hornet (D:9)
  Prince Ribbit (D:8)
  A shadow (D:9)
  A basilisk (D:11)
  7 yaks
  2 steam dragons
  5 vampire mosquitoes
  Menkaure (D:4)
  2 acid dragons
  Edmund (D:4)
  A water moccasin (D:7)
  3 orc warriors
  A sky beast (D:8)
  A black bear (D:7)
  An ogre (D:5)
  An ice beast (D:6)
  7 centaurs
  3 phantoms
  4 lemures (D:6)
  3 bullfrogs (D:7)
  5 kobold brigands
  A necrophage (D:5)
  A gnoll sergeant (D:7)
  4 scorpions
  17 wights
  12 killer bees
  5 howler monkeys
  5 orc priests
  2 hounds (D:5)
  5 jellies
  Crazy Yiuf (D:4)
  An iguana (D:5)
  A bullfrog skeleton (D:4)
  A scorpion zombie (D:4)
  15 orc wizards
  A hound zombie (D:4)
  A hound skeleton (D:4)
  A howler monkey skeleton (D:4)
  7 gnolls
  9 adders
  5 river rats
  2 shadow imps
  2 ufetubi
  An adder skeleton (D:4)
  2 adder zombies (D:4)
  4 worms
  5 dart slugs
  33 orcs
  5 bats
  13 endoplasms
  10 giant cockroaches
  5 goblins
  6 hobgoblins
  11 jackals
  6 quokkas
  2 training dummies (D:4)
  17 ball pythons
  2 frilled lizards
  26 kobolds
  A quokka zombie (D:4)
  9 rats
321 creatures vanquished.

Vanquished Creatures (others)
  730 foxfires
  A withered plant (D:4)
731 creatures vanquished.

Grand Total: 1052 creatures vanquished

Notes
Turn   | Place    | Note
-------+----------+-------------------------------------------
     0 | D:1      | raph the Deep Elf Fire Elementalist began the quest for the
                  | Orb.
     0 | D:1      | Reached XP level 1. HP: 10/10 MP: 6/6
   533 | D:1      | Reached XP level 2. HP: 15/15 MP: 5/8
  1528 | D:2      | Reached XP level 3. HP: 20/20 MP: 2/9
  1531 | D:2      | Learned a level 2 spell: Scorch
  1697 | D:2      | Learned a level 3 spell: Conjure Flame
  2531 | D:2      | Reached XP level 4. HP: 24/24 MP: 8/11
  4401 | D:3      | Learned a level 3 spell: Inner Flame
  4806 | D:4      | Found Heolir's General Store.
  4817 | D:4      | Reached skill level 1 in Fighting
  4817 | D:4      | Reached XP level 5. HP: 29/29 MP: 3/12
  4897 | D:4      | Learned a level 2 spell: Blink
  4943 | D:4      | Bought a scroll of blinking for 75 gold pieces
  5095 | D:4      | Bought a scroll of identify for 20 gold pieces
  5136 | D:4      | Identified the +4 war axe "Liejiej" {vorpal, rN+ Will+
                  | rCorr Dex-3}
  5596 | D:4      | Found a shimmering altar of Xom.
  5849 | D:4      | Noticed Edmund
  5859 | D:4      | Killed Edmund
  5860 | D:4      | Reached XP level 6. HP: 15/34 MP: 6/14
  6125 | D:4      | Reached skill level 5 in Fire Magic
  6432 | D:4      | Reached XP level 7. HP: 37/39 MP: 12/15
  6737 | D:4      | Noticed Menkaure
  6743 | D:4      | Killed Menkaure
  6767 | D:4      | Found a staircase to the Ecumenical Temple.
  7080 | Temple   | Entered the Ecumenical Temple
  7221 | Temple   | Became a worshipper of Kikubaaqudgha
  7422 | D:4      | Found a runed translucent door.
  7423 | D:4      | Noticed Crazy Yiuf
  7435 | D:4      | Killed Crazy Yiuf
  7876 | D:5      | Entered Level 5 of the Dungeon
  7896 | D:5      | Reached skill level 5 in Spellcasting
  7903 | D:5      | Reached skill level 5 in Conjurations
  7903 | D:5      | Reached XP level 8. HP: 16/44 MP: 6/17
  8197 | D:5      | Found a glowing drain.
  8218 | D:5      | Reached skill level 5 in Stealth
  8291 | Sewer    | Entered a sewer
  8346 | Sewer    | Learned a level 4 spell: Flame Wave
  8857 | Sewer    | Reached * piety under Kikubaaqudgha
  8857 | Sewer    | Received a gift from Kikubaaqudgha
  8923 | Sewer    | Learned a level 3 spell: Vampiric Draining
  9162 | Sewer    | Found a viscous altar of Jiyva.
  9287 | D:5      | Reached skill level 5 in Dodging
  9311 | D:5      | Reached skill level 1 in Necromancy
  9565 | D:5      | Found a burning altar of Makhleb.
  9757 | D:6      | Found a glowing silver altar of Zin.
  9862 | D:6      | Noticed Pikel
  9867 | D:6      | Killed Pikel
 10086 | D:6      | Reached XP level 9. HP: 50/50 MP: 14/20
 10337 | D:6      | Identified the +1 great mace of Syorret {vorpal, Will+
                  | Str+2 SInv}
 10577 | D:6      | Learned a level 2 spell: Sublimation of Blood
 10601 | D:6      | Found a stormy altar of Qazlal.
 10640 | D:6      | Reached ** piety under Kikubaaqudgha
 11024 | D:6      | Found a runed translucent gate.
 11024 | D:6      | Found a runed translucent gate.
 11024 | D:6      | Found a runed translucent gate.
 11026 | D:6      | Noticed Flugkiller's ghost (novice MiFi)
 11028 | D:6      | Identified the +7 plate armour "Nyteir" {Will++}
 11907 | D:6      | Found a shimmering blue altar of Sif Muna.
 12765 | D:7      | Reached skill level 5 in Necromancy
 13115 | D:7      | Noticed a brown ugly thing
 13117 | D:7      | Reached XP level 10. HP: 48/56 MP: 13/22
 13131 | D:7      | Killed a brown ugly thing
 14101 | D:8      | Noticed Prince Ribbit
 14106 | D:8      | Killed Prince Ribbit
 14465 | D:8      | Reached *** piety under Kikubaaqudgha
 14465 | D:8      | Received a gift from Kikubaaqudgha
 14706 | D:8      | Found a transporter.
 14708 | D:8      | Found a transporter.
 14721 | D:8      | Found a transporter.
 14726 | D:8      | Noticed Gekot's ghost (novice DEFE)
 14730 | D:8      | Found a transporter.
 14776 | D:8      | Found a transporter.
 15026 | D:8      | Reached skill level 1 in Shields
 15564 | D:8      | Found a transporter.
 16216 | D:9      | Found a snail-covered altar of Cheibriados.
 17407 | D:9      | Noticed Psyche
 17412 | D:9      | Killed Psyche
 17510 | D:9      | Found a staircase to the Orcish Mines.
 17789 | D:10     | Entered Level 10 of the Dungeon
 17802 | D:10     | Reached XP level 11. HP: 44/62 MP: 8/24
 17895 | D:9      | Learned a level 5 spell: Borgnjor's Vile Clutch
 18058 | D:10     | Reached skill level 1 in Earth Magic
 18549 | D:10     | Noticed Sonja
 18553 | D:10     | Found a white marble altar of Elyvilon.
 18563 | D:10     | Killed Sonja
 19131 | D:11     | Noticed a death yak
 19160 | D:11     | Found Ezoumebe's Magic Scroll Emporium.
 19168 | D:11     | Bought a scroll of fog for 52 gold pieces
 19357 | D:11     | Noticed a death yak
 19358 | D:11     | Noticed a sun demon
 19647 | D:11     | Reached **** piety under Kikubaaqudgha
 19648 | D:11     | Reached skill level 5 in Earth Magic
 19676 | D:11     | You fall into a shaft and drop 3 floors!
 19688 | D:13     | Noticed a centaur warrior
 19701 | D:13     | Killed a centaur warrior
 19778 | D:13     | Noticed a centaur warrior
 19784 | D:13     | Killed from afar by an acid dragon

Illustrated notes

Levels and vault maps discovered:
D:1:      evilmike_arrival_crescent, layout_basic, corner_web_ring,
          minmay_misc_feat_square
D:2:      layout_basic
D:3:      layout_basic, serial_aquarium, aquarium_bridge_long_joined
          [aquarium_subvault_balcony, aquarium_subvault_window,
          aquarium_subvault_wall, aquarium_subvault_wall,
          aquarium_subvault_bridge, aquarium_subvault_bridge],
          aquarium_bridge_square [aquarium_subvault_balcony,
          aquarium_subvault_bridge, aquarium_subvault_bridge,
          aquarium_subvault_wall], aquarium_window_2, aquarium_window_corner,
          aquarium_window_fake, aquarium_window_1, aquarium_view_2b,
          aquarium_view_2g, aquarium_pool_side
D:4:      dreamdust_elfheim, layout_loops_cross,
          mainiacjoe_overflow_six_doors_small, minmay_temple_entry_mini_moons,
          serial_shops, nicolae_stop_n_shop_2, serial_undead, serial_undead_d,
          serial_undead_e, serial_undead_a, serial_undead_e,
          uniq_crazy_yiuf_cottage, uniq_menkaure, uniq_edmund
D:5:      layout_rooms, lemuel_doored_altar, portal_sewer_entry_c,
          item_on_display_a
D:6:      layout_basic, mainiacjoe_overflow_brackets, kennysheep_little_box,
          zin_academy, biasface_ghost_orc_armoury, uniq_pikel
D:7:      layout_loops_ring, nicolae_kite_square_tiling_tiny, minmay_three_doors
D:8:      layout_layer_cave, gammafunk_ghost_stat_death, columned_hall_lemuel,
          nicolae_transporter_circle, uniq_prince_ribbit1
D:9:      layout_loops_corners, lemuel_round_altar, orc_0_dummy, uniq_psyche
D:10:     minmay_flawed_box, layout_long_grid, nicolae_elyvilon_temple_path,
          uniq_sonja
D:11:     layout_long_grid, dpeg_lair_monsters, nicolae_stop_n_shop_1,
          serial_bayou_pond_d, minmay_fractal_squares_gapless_7
D:13:     layout_basic, ximxim_vaults_locker_room, ebering_ghost_funeral_grove,
          grunt_ministairs_6
D:14:     layout_irregular_city, nicolae_gozag_cash_rules_everything_around_me
Temple:   nicolae_temple_superstar

Skill      XL: |  1  2  3  4  5  6  7  8  9 10 11 |
---------------+----------------------------------+-----
Conjurations   | 2 3 4 5 6 7 8 |  8.7
Dodging        | 3 4 5 6 7 |  7.1
Stealth        | 3 4 5 6 7 |  7.6
Fire Magic     | 4 5 6 7 8 9 |  9.3
Fighting       | 1 2 3 4 |  4.3
Spellcasting   | 4 5 6 7 |  7.8
Necromancy     | 2 5 7 9 |  9.8
Shields        | 1 |  1.8
Earth Magic    | 5 |  5.9

Action                   |  1- 3 |  4- 6 |  7- 9 | 10-12 || total
-------------------------+-------+-------+-------+-------++-------
Melee: Dagger            |     4 |       |       |       ||     4
       Short sword       |     4 |    14 |       |       ||    18
       War axe           |       |     9 |     4 |       ||    13
       Staff             |       |       |    23 |     9 ||    32
       Punch             |       |       |     1 |       ||     1
 Cast: Foxfire           |    74 |   123 |   236 |    20 ||   453
       Scorch            |     2 |    15 |    17 |    29 ||    63
       Conjure Flame     |       |     3 |     2 |       ||     5
       Flame Wave        |       |       |    20 |    49 ||    69
       Vampiric Draining |       |       |       |     2 ||     2
       Blink             |       |       |       |     1 ||     1
       Borgnjor's Vile C |       |       |       |     4 ||     4
Evoke: Wand              |       |       |       |     1 ||     1
  Use: Scroll            |     4 |     9 |     7 |     8 ||    28
       Potion            |       |       |       |     2 ||     2
 Stab: Sleeping          |     1 |     2 |     1 |       ||     4
Armor: Robe              |    10 |    19 |    26 |     1 ||    56
       Leather armour    |       |       |       |    41 ||    41
Dodge: Dodged            |     8 |    30 |    75 |    59 ||   172
Block: Buckler           |       |       |       |    20 ||    20
